 Dungeon Crawl Stone Soup version bcrawl-1.19.1 (webtiles) character file.

Game seed: 3167939876813395667

45 Freyura the Twirler (level 3, 0/28 HPs)
             Began as a Demonspawn Gladiator on Nov 23, 2019.
             Slain by Crazy Yiuf
             ... wielding a +3 quarterstaff of chaos
              (5 damage)
             ... on level 2 of the Dungeon.
             The game lasted 00:03:25 (1173 turns).

Freyura the Twirler (Demonspawn Gladiator)          Turns: 1173, Time: 00:03:25

Health: 0/28       AC:  8    Str: 14    XL:     3   Next: 42%
Magic:  3/3        EV: 12    Int:  9    God:
Gold:   66         SH:  0    Dex: 15    Spells: 2/2 levels left

rFire    . . .     SeeInvis .   a - +0 quarterstaff
rCold    . . .     Gourm    .   (shield currently unavailable)
rNeg     . . .     Faith    .   h - +0 ring mail
rPois    .         Spirit   .   c - +0 helmet
rElec    .         Reflect  .   (no cloak)
rCorr    .         Harm     .   (no gloves)
MR       .....                  (no boots)
Stlth    +.........             (no amulet)
HPRegen  0.09/turn              (no ring)
MPRegen  0.08/turn              (no ring)

@: lethally poisoned (0 -> -16)
A: hooves 1, icy blue scales 1
a: no special abilities


You were on level 2 of the Dungeon.
You were not hungry.

You visited 1 branch of the dungeon, and saw 2 of its levels.

You collected 66 gold pieces.

Inventory:

Hand Weapons
 a - a +0 quarterstaff (weapon)
Missiles
 d - 3 throwing nets (quivered) {!f}
Armour
 c - a +0 helmet (worn)
 h - a +0 ring mail (worn)
Scrolls
 b - a scroll of immolation {unknown}
 e - 2 scrolls of remove curse {unknown}
 g - 3 scrolls of amnesia {unknown}
 l - a scroll of fear {unknown}
 m - a scroll of identify {unknown}
Potions
 i - a potion of berserk rage {unknown}
 j - a potion of might {unknown}
 k - 2 potions of ambrosia {unknown}
 n - 2 potions of brilliance {unknown}
Comestibles
 f - 5 rations {!d}


   Skills:
 + Level 2.5 Fighting
 * Level 3.3 Staves
 - Level 1.7 Throwing
 + Level 1.0 Armour
 + Level 3.0 Dodging


You had 2 spell levels left.
You didn't know any spells.
Your spell library was empty.

Dungeon Overview and Level Annotations

Branches:
Dungeon (2/12)

Altars:
Fedhas
Qazlal
The Shining One

Annotations:
D:2 Crazy Yiuf


Innate Abilities, Weirdness & Mutations

You have large cloven feet.
You are partially covered in icy blue scales. (AC +2)


Message History

Crazy Yiuf is severely wounded.
Crazy Yiuf hits you with a +3 quarterstaff of chaos!
You are lethally poisoned!
You closely miss Crazy Yiuf.
Crazy Yiuf is severely wounded.
* * * LOW HITPOINT WARNING * * *
You feel sick. Crazy Yiuf hits you but does no damage.
You are more poisoned.
Crazy Yiuf screams, "Cod!"
Crazy Yiuf closely misses you.
You hit Crazy Yiuf.
Crazy Yiuf is severely wounded.
* * * LOW HITPOINT WARNING * * *
You feel sick. Crazy Yiuf barely misses you.
You barely miss Crazy Yiuf.
Crazy Yiuf is severely wounded.
* * * LOW HITPOINT WARNING * * *
You feel sick.
Crazy Yiuf hits you with a +3 quarterstaff of chaos.
You die...

#....#
#....#
##...#
##.##
##.#
#.##
##.#
#.##
#@#
#.g.#
#...#
#)..#
#####


You could see Crazy Yiuf.

Vanquished Creatures
  2 oozes (D:1)
  A dart slug (D:1)
  3 leopard geckos (D:1)
  3 giant cockroaches (D:1)
  7 goblins
  4 hobgoblins
  2 quokkas
  3 bats
  2 frilled lizards (D:1)
  A kobold (D:1)
  2 rats
30 creatures vanquished.

Notes
Turn   | Place    | Note
-------+----------+-------------------------------------------
     0 | D:1      | Freyura the Demonspawn Gladiator began the quest for the
                  | Orb.
     0 | D:1      | Reached XP level 1. HP: 16/16 MP: 1/1
   147 | D:1      | Gained mutation: You have large cloven feet. [demonic
                  | ancestry]
   147 | D:1      | Reached XP level 2. HP: 18/22 MP: 2/2
   494 | D:1      | Gained mutation: You are partially covered in icy blue
                  | scales. (AC +2) [demonic ancestry]
   494 | D:1      | Reached XP level 3. HP: 28/28 MP: 3/3
   871 | D:2      | Found a blossoming altar of Fedhas.
   871 | D:2      | Found a glowing golden altar of the Shining One.
   883 | D:2      | Reached skill level 1 in Armour
  1020 | D:2      | Found a stormy altar of Qazlal.
  1162 | D:2      | Found a runed door.
  1166 | D:2      | Noticed Crazy Yiuf
  1173 | D:2      | Slain by Crazy Yiuf

Skill      XL: |  1  2  3 |
---------------+----------+-----
Staves         | 3 |  3.3
Dodging        | 3 |  3.0
Armour         | 1 |  1.0
Fighting       | |  2.5
Throwing       | |  1.7

Action                   || total
-------------------------++-------
Melee: Quarterstaff      ||    82
       Kick              ||    15
  Eat: Chunk             ||     1
Armor: Leather armour    ||     9
       Ring mail         ||    23
Dodge: Dodged            ||    50
